 Dungeon Crawl Stone Soup version 0.29.1-1-gd02db6906a (webtiles) character file.

Game seed: 1413161868903751511

2 FastidiousMonk the Gusty (level 1, 0/15 HPs)
             Began as a Draconian Air Elementalist on Oct 4, 2022.
             Slain by a quokka (1 damage)
             ... on level 1 of the Dungeon.
             The game lasted 00:04:07 (215 turns).

FastidiousMonk the Gusty (DrAE)                      Turns: 215, Time: 00:04:08

Health: 0/15       AC:  4    Str: 10    XL:     1   Next: 33%
Magic:  1/3        EV: 12    Int: 15    God:
Gold:   20         SH:  0    Dex: 11    Spells: 3/4 levels left

rFire   . . .      SeeInvis .   (no weapon)
rCold   . . .      Faith    .   (no shield)
rNeg    . . .      Spirit   .   (body armour unavailable)
rPois   .          Reflect  .   (helmet restricted)
rElec   .          Harm     .   (no cloak)
rCorr   .          Rampage  .   (no gloves)
Will    .....                   (no boots)
Stlth   ++........              (no amulet)
HPRegen 0.05/turn               (no ring)
MPRegen 0.08/turn               (no ring)

@: no status effects
A: AC +4, unfitting armour, cold-blooded
a: no special abilities


You were on level 1 of the Dungeon.
You visited 1 branch of the dungeon, and saw 1 of its levels.

You collected 20 gold pieces.

Inventory:

Potions
 a - a potion of magic


   Skills:
 + Level 0.3 Fighting
 + Level 1.8 Dodging
 - Level 1.7 Stealth
 + Level 2.0 Spellcasting
 - Level 1.0 Conjurations
 - Level 3.0 Air Magic


You had 3 spell levels left.
You knew the following spells:

 Your Spells              Type           Power      Damage    Failure   Level
a - Shock                 Conj/Air       28%        1d4       10%         1

Your spell library contained the following spells:

 Spells                   Type           Power      Damage    Failure   Level
 Static Discharge         Conj/Air       7%         3-4/arc   14%         2
 Swiftness                Air            10%        N/A       19%         3
 Airstrike                Air            5%         2d(1-17)  54%         4


Dungeon Overview and Level Annotations

Branches:
Dungeon (1/15)

Altars:


Innate Abilities, Weirdness & Mutations

Your plain brown scales are hard. (AC +4)
You cannot fit into any form of body armour.
You are cold-blooded and may be slowed by cold attacks.


Message History

You miss the quokka.
The quokka is moderately wounded.
The quokka bites you.
You closely miss the quokka.
The quokka is moderately wounded.
The quokka bites you. The quokka misses you.
You barely miss the quokka.
Your tail-slap misses the quokka.
The quokka is moderately wounded.
The quokka bites you but does no damage.
You hit the quokka but do no damage. You tail-slap the quokka.
The quokka is heavily wounded.
The quokka bites you.
* * * LOW HITPOINT WARNING * * *
You hit the quokka.
Your tail-slap misses the quokka.
The quokka is almost dead.
The quokka barely misses you.
You closely miss the quokka.
The quokka is almost dead.
The quokka closely misses you.
You closely miss the quokka.
The quokka is almost dead.
The quokka barely misses you.
The quokka bites you but does no damage.
You hit the quokka but do no damage.
The quokka is almost dead.
The quokka barely misses you.
You closely miss the quokka.
Your tail-slap misses the quokka.
The quokka is almost dead.
The quokka bites you but does no damage.
You barely miss the quokka.
The quokka is almost dead.
The quokka bites you but does no damage.
You barely miss the quokka.
The quokka is almost dead.
The quokka bites you but does no damage.
You hit the quokka but do no damage.
You tail-slap the quokka, but do no damage.
The quokka is severely wounded.
The quokka bites you.
You die...

#...#...........#..##.
###......##....#..#..##. .
#....................... ...
###.#....##.#####.##....
....# #.#.......... #.##....
......##.#...........#.......
..$.......####.......####.###
.##...##...###....... ......
#8.. #...r@+...... ......#.
##. #..)###...... ####..## #
#....# ##### #8 #...... ##
#....... # ##........ ##
#........ #8 #...!.... ##
##8##


You could see a quokka.

Vanquished Creatures
  A hobgoblin (D:1)
  A bat (D:1)
  A rat (D:1)
3 creatures vanquished.

Notes
Turn   | Place    | Note
-------+----------+-------------------------------------------
     0 | D:1      | FastidiousMonk the Draconian Air Elementalist began the
                  | quest for the Orb.
     0 | D:1      | Reached XP level 1. HP: 14/14 MP: 3/3
   215 | D:1      | Slain by a quokka

Illustrated notes

Levels and vault maps discovered:
D:1:      eino_arrival_tree_alley, layout_basic, serial_corexii_hall,
          corexii_hall_statues_l, corexii_hall_statues_l,
          corexii_hall_statues_i, corexii_hall_statues_x

Action                   || total
-------------------------++-------
Melee: Unarmed           ||    18
       Tailslap          ||     3
 Cast: Shock             ||     6
Armor: Skin              ||     7
Dodge: Dodged            ||    12
